 Dungeon Crawl Stone Soup version 0.28.0-62-gf88900778d (webtiles) character file.

Game seed: 15758925819755038518

159 cbfl8 the Skirmisher (level 5, -2/47 HPs)
             Began as a Minotaur Fighter on June 25, 2023.
             Slain by an orc
             ... wielding a +0 whip
              (3 damage)
             ... on level 3 of the Dungeon.
             The game lasted 00:01:35 (2187 turns).

cbfl8 the Skirmisher (Minotaur Fighter)             Turns: 2187, Time: 00:01:36

Health: -2/47      AC:  7    Str: 20    XL:     5   Next: 17%
Magic:  4/4        EV:  9    Int:  5    God:
Gold:   34         SH:  5    Dex: 12    Spells: 4/4 levels left

rFire   + . .      SeeInvis .   a - +0 war axe
rCold   + . .      Faith    .   c - +0 buckler
rNeg    . . .      Spirit   .   b - +0 scale mail
rPois   +          Reflect  .   (helmet restricted)
rElec   +          Harm     .   (no cloak)
rCorr   +          Rampage  .   (no gloves)
Will    .....                   (no boots)
Stlth   ..........              (no amulet)
HPRegen 0.15/turn               (no ring)
MPRegen 0.09/turn               (no ring)

@: resistant
A: horns 2, retaliatory headbutt
a: no special abilities


You were on level 3 of the Dungeon.
You visited 1 branch of the dungeon, and saw 3 of its levels.

You collected 34 gold pieces.

Inventory:

Hand Weapons
 a - a +0 war axe (weapon)
Armour
 b - a +0 scale mail (worn)
 c - a +0 buckler (worn)
Scrolls
 k - a scroll of identify
Potions
 d - a potion of curing {unknown}
 f - a potion of degeneration {unknown}
 h - a potion of flight {unknown}
 i - a potion of haste {unknown}
 j - a potion of lignification {unknown}


   Skills:
 + Level 4.7 Fighting
 + Level 4.0 Axes
 + Level 4.2 Armour
 + Level 0.7 Dodging
 + Level 0.5 Stealth
 + Level 4.2 Shields
 * Level 1.3 Evocations


You had 4 spell levels left.
You didn't know any spells.
Your spell library was empty.

Dungeon Overview and Level Annotations

Branches:
Dungeon (3/15)

Altars:

Shops:
D:1 (


Innate Abilities, Weirdness & Mutations

You have a pair of horns on your head.
You reflexively headbutt those who attack you in melee.


Message History

Deactivating autopickup; reactivate with Ctrl-A.
The orc hits you but does no damage. You block the orc priest's attack.
Okay, then.
You are confused.
You feel invigorated. The orc hits you but does no damage.
The orc priest hits you with a +0 falchion.
* * * LOW HITPOINT WARNING * * *
The orc priest calls upon Beogh to heal the orc.
The orc's wounds heal themselves!
You feel less invigorated.
You feel less confused.
You hit the orc.
The orc is severely wounded.
You hit the orc priest but do no damage.
The orc priest is moderately wounded.
You slash the orc!
You kill the orc!
You miss something. Something hits you but does no damage.
The orc priest barely misses you.
You hear some strange, mumbled words.
Something tries to affect you, but you resist.
You barely miss the orc priest. Your headbutt misses the orc priest.
The orc priest is moderately wounded.
You hit the endoplasm. You miss something.
The orc priest calls down the wrath of Beogh upon you.
Beogh smites you!
* * * LOW HITPOINT WARNING * * *
You block the endoplasm's attack.
You hear some strange, mumbled words.
Something tries to affect you, but you resist.
The orc priest calls down the wrath of Beogh upon you.
Pain shoots through your body!
* * * LOW HITPOINT WARNING * * *
You slash the orc priest!
You kill the orc priest!
You hit something. You hit the endoplasm. You block the endoplasm's attack.
You block something's attack.
The endoplasm hits you but does no damage.
The orc hits you with a +0 whip.
You die...

<............#
.......###.### #...#
.####..# #.# #...# .#
....###.## #.$.# .#
#.......# #...# .#
#.#..#..####...#####
.#
#...................
.#
#...................
#..#........@)......
.........##.Jo{...###
###.#######.#...#.#
#. #.#...# # #
#.#†..# #.......#
###...### ....# ##..#


You could see an orc and an endoplasm.

Vanquished Creatures
  3 orc priests
  2 orc wizards (D:2)
  An adder (D:3)
  2 worms (D:2)
  A dart slug (D:1)
  2 orcs
  5 ball pythons
  4 bats
  4 endoplasms
  2 giant cockroaches (D:1)
  5 goblins
  4 hobgoblins
  2 jackals (D:3)
  3 kobolds
  3 quokkas
  2 frilled lizards
  6 rats
51 creatures vanquished.

Notes
Turn   | Place    | Note
-------+----------+-------------------------------------------
     0 | D:1      | cbfl8 the Minotaur Fighter began the quest for the Orb.
     0 | D:1      | Reached XP level 1. HP: 19/19 MP: 0/0
     3 | D:1      | Noticed an electric eel
     4 | D:1      | Noticed an electric eel
    66 | D:1      | Found Vehyor's Weapon Shoppe.
   154 | D:1      | Reached XP level 2. HP: 27/27 MP: 1/1
   552 | D:1      | Reached XP level 3. HP: 33/33 MP: 2/2
  1002 | D:2      | Reached XP level 4. HP: 13/41 MP: 3/3
  1004 | D:2      | Reached skill level 1 in Evocations
  1740 | D:2      | Reached XP level 5. HP: 47/47 MP: 4/4
  1834 | D:2      | Found Sucrirgha's Antique Armour Shop.
  2186 | D:3      | HP: 1/47 [orc priest/nerve-wracking pain (3)]
  2187 | D:3      | Slain by an orc

Illustrated notes

Levels and vault maps discovered:
D:1:      arrival_aquarium_b, layout_basic, serial_shops,
          nicolae_shop_bloodbath_and_beyond, minmay_door_square, nrook_campfire,
          minmay_shallow_snake_nest
D:2:      layout_basic, serial_shops, nicolae_shop_overgrown_old_shop
D:3:      layout_loops_cross, kennysheep_generic_room_12, uniq_sigmund

Skill      XL: |  1  2  3  4  5 |
---------------+----------------+-----
Fighting       | 4 |  4.7
Shields        | 4 |  4.2
Axes           | 3 4 |  4.0
Armour         | 4 |  4.2
Evocations     | 1 |  1.3
Dodging        | |  0.7
Stealth        | |  0.5

Action                   |  1- 3 |  4- 6 || total
-------------------------+-------+-------++-------
Melee: War axe           |    58 |    41 ||    99
       Headbutt          |     7 |     3 ||    10
  Use: Scroll            |     3 |     1 ||     4
       Potion            |     2 |     2 ||     4
Armor: Scale mail        |    34 |    15 ||    49
Dodge: Dodged            |    24 |    18 ||    42
Block: Buckler           |    11 |    12 ||    23
